cohdb
Replays
Latest Replays
All Replays
Popular Replays
Top Player Replays
Match Explorer
How It Works
Community
CoH3 Stats
Reddit
Sign in to upload your games and track your stats! →
Sign in with Steam
Match 47080837
Unlisted
Match 47080837
Overview
Messages
Build Orders
End
Construct Infanterie Kompanie
Selects Terror Battlegroup
Selects Machine Gun Camouflage
MG 42 Machine Gun Team
Grenadier Squad
MG 42 Machine Gun Team
Grenadier Squad
Construct Panzergrenadier Kompanie
Panzergrenadier Squad
Panzergrenadier Squad
Selects Contempt for the Weak
Support Elements
StuG III G Assault Gun
Pioneer Squad
Nebelwerfer 42 Rocket Launcher Team
Selects Propaganda Leaflet Drop
Propaganda Leaflet Drop
Construct Panzer Kompanie
Propaganda Leaflet Drop
Selects V1 Rocket Strike
V1 Rocket Strike
Panzer IV Medium Tank
Panzer IV Medium Tank
Panzer IV Medium Tank
KoalaImpala
Durth Sheetius
Frenzy
4399
Kidnappings
Be Frabjous
Mansonfreakss
SinoPowerFkEveryHonkie
0
0
Comments
sign in to comment!
No comments posted yet!